Map: [ESL] Cosmic Sapphire

Players

Zoun

  • Race: Protoss Protoss
  • Spawn Location: 5:00

Serral - Winner!

  • Race: Zerg Zerg
  • Spawn Location: 11:00

Event: DreamHack SC2 Masters 2022 Atlanta (Offline)

VOD

Have the link to the VOD?

Description

Time

  • Played on: Nov. 19, 2022, 1:13 p.m.
  • Length: 21:32

All games in this series

Show
View Real Time Build Order
Export as new Build Order

Zoun Protoss 

Build Orders: 1 Gate Expand, Oracle Opening, Carriers, Zealot Archon, Archon Drop 

Get SALT Encoding   

  12  0:00  Probe  
  13  0:12  Probe  
  14  0:19  Pylon  
  14  0:24  Probe  
  15  0:37  Probe (Chrono Boost)  
  15  0:40  Gateway  
  16  0:47  Probe (Chrono Boost)  
  16  0:49  Assimilator  
  17  0:52  Probe (Chrono Boost)  
  18  1:04  Probe  
  19  1:16  Probe  
  20  1:25  Nexus  
  20  1:36  Cybernetics Core  
  20  1:39  Probe  
  21  1:45  Assimilator  
  21  1:52  Probe  
  22  1:55  Pylon  
  22  2:04  Probe  
  23  2:10  Adept (Chrono Boost)  
  25  2:16  Probe  
  25  2:18  Stargate  
  26  2:25  Warp Gate  
  26  2:28  Probe  
  27  2:32  Adept (Chrono Boost)  
  27  2:36  Probe  
  29  2:37  Probe  
  31  2:44  Probe  
  31  2:49  Probe  
  33  2:55  Probe  
  34  3:01  Oracle (Chrono Boost), Probe  
  38  3:07  Probe  
  39  3:13  Probe  
  39  3:18  Pylon  
  39  3:19  Probe  
  41  3:25  Probe  
  42  3:31  Probe  
  43  3:40  Probe  
  43  3:41  Void Ray  
  48  3:47  Nexus  
  48  3:48  Probe  
  48  3:50  Pylon  
  48  3:53  Probe  
  50  4:02  Probe  
  51  4:03  Robotics Facility  
  51  4:08  Probe  
  52  4:10  Assimilator  
  52  4:11  Assimilator  
  52  4:13  Twilight Council  
  52  4:14  Shield Battery, Probe  
  53  4:19  Adept  
  53  4:20  Probe  
  56  4:28  Gateway  
  56  4:29  Pylon  
  56  4:32  Probe x2  
  58  4:41  Pylon  
  58  4:43  Gateway  
  58  4:44  Probe x2  
  60  4:49  Gateway  
  60  4:53  Warp Prism (Chrono Boost)  
  60  4:56  Probe  
  63  5:02  Templar Archives  
  63  5:03  Probe  
  63  5:05  Probe  
  63  5:07  Charge (Chrono Boost)  
  65  5:11  Probe  
  66  5:14  Forge  
  66  5:18  Probe  
  68  5:21  Probe  
  68  5:23  Probe  
  69  5:30  Probe  
  69  5:31  Gateway  
  69  5:33  Probe  
  69  5:35  Gateway  
  71  5:38  High Templar x2  
  71  5:39  High Templar  
  71  5:44  High Templar x2, Assimilator  
  71  5:45  Assimilator, High Templar, Pylon  
  71  5:46  Probe x3  
  71  5:47  High Templar x4  
  82  5:51  Archon x2  
  82  5:56  Protoss Ground Weapons Level 1  
  82  5:58  Probe x2  
  84  6:04  Probe  
  84  6:10  Observer, Probe x2  
  88  6:16  Nexus  
  88  6:18  Pylon  
  88  6:19  Robotics Bay, Probe  
  88  6:22  Probe x2  
  91  6:31  Immortal (Chrono Boost), Probe  
  92  6:33  Sentry  
  92  6:34  Probe x2  
  92  6:39  Shield Battery  
  100  6:41  Pylon  
  100  6:42  Photon Cannon  
  100  6:43  Probe  
  100  6:46  Probe  
  102  6:47  Sentry x2  
  102  6:49  Gateway  
  102  6:50  Gateway  
  102  6:54  Probe  
  107  6:59  Observer, Probe x2, Pylon  
  109  7:02  Zealot  
  109  7:06  Probe  
  112  7:11  Probe  
  112  7:12  Probe  
  112  7:13  Disruptor (Chrono Boost), Pylon x2  
  112  7:17  Observer, High Templar x2  
  112  7:22  Archon  
  119  7:23  Photon Cannon  
  119  7:24  Photon Cannon  
  119  7:32  Probe x3  
  119  7:33  Assimilator  
  119  7:35  Assimilator, High Templar x2  
  126  7:40  Archon  
  126  7:41  Disruptor  
  129  7:45  Photon Cannon  
  129  7:47  Photon Cannon  
  129  7:51  Zealot x4  
  129  7:57  Gateway  
  137  7:59  Gateway  
  137  8:02  Pylon  
  137  8:04  Pylon  
  137  8:07  Photon Cannon  
  137  8:08  Shield Battery, Protoss Ground Weapons Level 2 (Chrono Boost)  
  137  8:09  Photon Cannon x2, High Templar x2  
  137  8:11  Pylon  
  141  8:17  Disruptor (Chrono Boost), Archon  
  142  8:27  Pylon x2  
  142  8:28  High Templar x2  
  142  8:33  Zealot x4, Archon  
  154  8:37  Pylon  
  154  8:45  High Templar x2  
  158  8:51  Archon  
  158  8:52  Observer (Chrono Boost)  
  159  8:57  Blink (Chrono Boost)  
  159  8:58  Zealot x6  
  171  9:09  High Templar x2  
  173  9:14  Archon  
  173  9:27  High Templar x2  
  173  9:28  High Templar  
  179  9:31  High Templar  
  179  9:32  Zealot  
  179  9:33  Zealot x3  
  189  9:38  Forge  
  189  9:48  Zealot x2  
  187  10:02  Zealot x7  
  181  10:12  Stalker x3  
  148  10:24  Sentry  
  148  10:25  Stalker x6  
  151  10:28  Protoss Ground Armor Level 1 (Chrono Boost)  
  151  10:29  Protoss Shields Level 1 (Chrono Boost)  
  151  10:32  Immortal (Chrono Boost)  
  147  10:38  Zealot x3  
  149  10:45  Nexus  
  149  10:48  Pylon  
  149  10:49  Zealot  
  151  10:50  High Templar x3  
  151  10:51  High Templar  
  151  10:54  Archon  
  151  10:55  Zealot, Archon  
  151  10:56  Zealot  
  163  11:01  Probe x3  
  167  11:04  Observer  
  167  11:06  Fleet Beacon  
  167  11:08  Zealot x3  
  167  11:09  Stargate  
  171  11:11  Shield Battery  
  171  11:13  Photon Cannon  
  171  11:14  Zealot  
  171  11:16  Assimilator, Pylon  
  173  11:21  Assimilator  
  173  11:24  High Templar x2  
  177  11:26  Zealot x4  
  177  11:29  Zealot  
  177  11:31  High Templar x2  
  191  11:38  Zealot  
  193  11:43  Archon  
  193  11:46  Zealot x2  
  193  11:47  Zealot  
  175  12:14  Stalker  
  175  12:15  Tempest x2 (Chrono Boost), Stalker x9  
  169  12:45  Zealot x5  
  169  12:46  Zealot x5  
  169  12:48  Tempest x2 (Chrono Boost)  
  190  13:04  Observer (Chrono Boost)  
  184  13:06  Nexus  
  184  13:17  Tempest (Chrono Boost)  
  184  13:18  Zealot x2  
  184  13:19  Zealot  
  194  13:22  Protoss Air Weapons Level 1  
  194  13:23  Protoss Ground Armor Level 2  
  194  13:27  Tempest (Chrono Boost), Pylon  
  194  13:33  Protoss Ground Weapons Level 3  
  199  13:34  Stargate  
  197  13:44  Observer  
  197  13:46  Shield Battery  
  197  13:48  Photon Cannon  
  197  13:50  Photon Cannon  
  195  13:59  High Templar x2  
  195  14:00  Psionic Storm  
  195  14:07  Observer  
  189  14:20  Observer  
  189  14:29  Photon Cannon  
  189  14:30  Nexus  
  189  14:31  Pylon  
  189  14:34  High Templar x2  
  199  14:48  Carrier (Chrono Boost), Cybernetics Core  
  197  14:56  Assimilator  
  197  14:57  Assimilator  
  189  15:11  Nexus  
  189  15:12  Pylon  
  189  15:13  Probe x2  
  189  15:14  Probe x2  
  190  15:22  Carrier (Chrono Boost)  
  190  15:24  High Templar x5  
  190  15:25  Carrier (Chrono Boost)  
  200  15:28  Pylon  
  200  15:31  Shield Battery  
  200  15:33  Photon Cannon  
  200  15:35  Photon Cannon  
  200  15:37  Photon Cannon  
  200  15:41  Pylon  
  196  15:55  Stalker x2  
  200  16:01  Carrier (Chrono Boost)  
  194  16:11  Zealot x3  
  194  16:17  Photon Cannon  
  197  16:18  Protoss Air Armor Level 1 (Chrono Boost), Protoss Air Weapons Level 2 (Chrono Boost)  
  197  16:20  Photon Cannon  
  197  16:21  Shield Battery  
  197  16:24  Mothership (Chrono Boost)  
  195  16:37  Zealot x2  
  195  16:38  Zealot x4  
  191  16:41  Nexus  
  191  16:43  Shield Battery  
  191  16:46  Photon Cannon  
  191  16:47  Photon Cannon  
  191  16:50  Carrier  
  197  16:58  Stargate  
  197  17:00  High Templar x2  
  197  17:07  Archon, High Templar  
  199  17:12  Assimilator  
  199  17:13  Assimilator  
  198  17:15  High Templar  
  198  17:20  Archon  
  199  17:23  Observer  
  199  17:26  Protoss Shields Level 2 (Chrono Boost)  
  180  17:44  Stalker x3  
  180  17:45  Zealot x4  
  180  17:47  Carrier (Chrono Boost)  
  179  18:09  Oracle (Chrono Boost)  
  181  18:15  Carrier (Chrono Boost)  
  187  18:41  Probe  
  187  18:47  Void Ray (Chrono Boost)  
  192  18:51  Void Ray (Chrono Boost)  
  192  18:54  Void Ray (Chrono Boost)  
  184  19:04  Pylon  
  176  19:12  Carrier (Chrono Boost)  
  157  19:32  Nexus  
  155  19:50  Zealot x2  
  79  20:56  High Templar x2  
  67  21:00  Archon  
Show
View Real Time Build Order
Export as new Build Order

Serral Zerg - Winner!

Build Orders: Hatch First, Brood Lord Corruptor 

Get SALT Encoding   

  12  0:00  Drone  
  13  0:11  Overlord  
  13  0:16  Drone  
  14  0:30  Drone  
  14  0:31  Drone  
  16  0:44  Drone  
  17  0:51  Hatchery  
  17  0:55  Drone  
  17  0:58  Drone  
  18  1:09  Extractor  
  17  1:13  Spawning Pool  
  17  1:15  Drone  
  17  1:19  Drone  
  18  1:28  Drone  
  19  1:38  Drone  
  20  1:48  Overlord  
  20  1:59  Queen  
  22  2:02  Queen  
  22  2:03  Zergling x4  
  26  2:10  Drone  
  26  2:11  Metabolic Boost  
  26  2:14  Drone  
  28  2:20  Drone  
  29  2:24  Drone  
  30  2:35  Hatchery  
  29  2:37  Drone  
  29  2:39  Drone  
  31  2:46  Queen  
  31  2:51  Overlord  
  33  2:58  Drone x2  
  35  3:00  Zergling x2  
  35  3:04  Overlord  
  35  3:09  Queen  
  37  3:13  Drone x2  
  37  3:16  Drone x2  
  41  3:21  Drone x2  
  41  3:22  Drone  
  41  3:25  Drone  
  45  3:30  Queen  
  45  3:34  Overlord  
  47  3:36  Drone  
  47  3:39  Drone  
  49  3:44  Zergling x4  
  49  3:48  Queen  
  53  3:50  Spore Crawler  
  53  3:54  Spore Crawler  
  51  3:56  Overlord  
  51  3:58  Drone x2  
  51  3:59  Drone  
  51  4:01  Zergling x2  
  55  4:03  Drone  
  55  4:07  Drone  
  55  4:08  Drone  
  55  4:09  Drone  
  57  4:15  Drone x2  
  59  4:20  Evolution Chamber  
  59  4:21  Drone  
  59  4:22  Drone  
  59  4:23  Drone  
  61  4:26  Drone x2  
  61  4:27  Drone  
  61  4:29  Drone  
  65  4:34  Roach Warren  
  65  4:37  Drone x2  
  66  4:41  Overlord  
  66  4:44  Overlord  
  66  4:47  Zerg Melee Weapons Level 1  
  65  4:54  Hatchery  
  65  4:57  Zergling x4  
  66  5:00  Drone x4  
  66  5:01  Drone  
  66  5:04  Drone x2  
  73  5:09  Lair  
  73  5:10  Zergling x2  
  73  5:14  Drone x3, Extractor  
  76  5:16  Extractor  
  76  5:19  Queen  
  76  5:21  Drone  
  76  5:22  Drone x2  
  76  5:23  Extractor  
  76  5:27  Zergling x2  
  78  5:30  Roach  
  78  5:32  Overlord  
  78  5:33  Overlord  
  80  5:36  Overlord  
  80  5:38  Overlord, Spine Crawler  
  80  5:39  Overlord  
  79  5:46  Roach  
  81  5:50  Extractor  
  81  5:51  Roach x5  
  81  5:53  Roach x2  
  94  5:59  Overlord  
  94  6:02  Roach x3  
  100  6:07  Overlord  
  99  6:12  Roach x4  
  99  6:13  Drone x5  
  112  6:18  Extractor  
  112  6:19  Overlord  
  112  6:21  Drone x2  
  112  6:24  Drone  
  113  6:27  Drone x2  
  113  6:28  Drone  
  113  6:29  Drone x3  
  118  6:32  Infestation Pit  
  118  6:37  Drone x3  
  120  6:40  Baneling Nest  
  120  6:41  Drone x3  
  120  6:44  Drone x4  
  120  6:46  Glial Reconstitution  
  126  6:51  Zerg Melee Weapons Level 2  
  126  6:53  Drone  
  126  6:54  Drone x2  
  127  7:01  Zergling x4, Spire  
  126  7:02  Zergling x2  
  126  7:03  Drone x2  
  126  7:07  Drone  
  126  7:08  Extractor, Overlord x2  
  131  7:13  Hive  
  131  7:15  Zergling x6  
  133  7:19  Zergling x8  
  137  7:25  Overseer  
  137  7:29  Spore Crawler  
  140  7:30  Roach x3  
  140  7:31  Ravager x3  
  140  7:36  Drone x3  
  149  7:38  Zergling x4  
  149  7:39  Zergling x8  
  149  7:42  Overlord x2  
  155  7:45  Hatchery  
  155  7:46  Overlord  
  155  7:48  Centrifugal Hooks  
  154  7:54  Drone  
  154  7:55  Zergling x10, Evolution Chamber  
  159  8:00  Zergling x12  
  159  8:03  Pneumatized Carapace  
  165  8:06  Zergling x12  
  171  8:19  Zergling x4  
  173  8:20  Zergling x6  
  173  8:22  Zerg Missile Weapons Level 1  
  173  8:23  Overlord x2  
  173  8:26  Adrenal Glands  
  175  8:28  Viper x2  
  181  8:42  Drone x4  
  181  8:43  Viper  
  181  8:45  Zergling x20  
  181  8:48  Baneling x12  
  198  8:53  Baneling x4  
  197  8:56  Overseer  
  197  9:06  Zergling x2  
  197  9:07  Zergling x4  
  200  9:13  Greater Spire, Spore Crawler  
  200  9:15  Spine Crawler  
  200  9:16  Spine Crawler  
  197  9:17  Spine Crawler  
  197  9:22  Drone  
  197  9:23  Drone x2  
  199  9:24  Baneling  
  199  9:25  Baneling x12  
  199  9:28  Extractor  
  199  9:31  Drone x2  
  200  9:36  Baneling x4  
  183  10:07  Zergling x38  
  183  10:10  Zergling x16  
  183  10:11  Zergling x18  
  192  10:29  Baneling x10  
  192  10:30  Corruptor x4  
  192  10:34  Spine Crawler  
  192  10:35  Spine Crawler  
  192  10:39  Spine Crawler  
  192  10:40  Baneling x6  
  186  10:43  Baneling x3  
  186  10:44  Corruptor  
  186  10:45  Corruptor x3  
  186  10:48  Extractor  
  186  10:49  Extractor  
  192  10:57  Spine Crawler  
  192  10:58  Zerg Flyer Weapons Level 1  
  192  11:00  Spine Crawler  
  192  11:04  Brood Lord x2  
  194  11:06  Drone  
  194  11:07  Spine Crawler  
  194  11:09  Brood Lord  
  194  11:10  Brood Lord  
  197  11:16  Brood Lord  
  199  11:25  Baneling x14  
  199  11:35  Brood Lord x2  
  189  11:40  Brood Lord  
  189  11:41  Drone x4  
  189  11:46  Zergling x4  
  189  11:47  Zergling x10  
  200  11:50  Hatchery  
  199  11:56  Baneling x6  
  188  12:08  Zergling x2  
  188  12:09  Zergling x22  
  195  12:18  Drone x2  
  195  12:19  Zergling x8  
  200  12:28  Zerg Ground Armor Level 1, Zerg Melee Weapons Level 3  
  196  12:31  Zergling x10  
  199  12:37  Hydralisk Den  
  193  12:44  Corruptor x3  
  199  12:51  Zergling x4  
  198  13:00  Zergling x4  
  200  13:07  Zerg Flyer Weapons Level 2  
  200  13:17  Hatchery  
  200  13:19  Baneling x3  
  199  13:21  Baneling  
  199  13:22  Baneling x10  
  198  13:30  Zergling x6  
  199  14:01  Corruptor x5  
  187  14:15  Zergling x10  
  181  14:17  Burrow  
  181  14:23  Brood Lord x3  
  181  14:27  Infestor  
  181  14:28  Infestor x3  
  181  14:29  Neural Parasite  
  189  14:35  Infestor  
  189  14:36  Corruptor x4  
  199  14:53  Overlord  
  199  14:55  Overlord  
  199  14:57  Hatchery  
  193  15:11  Zergling x22  
  192  15:18  Corruptor x4  
  192  15:19  Hatchery  
  199  15:22  Baneling  
  199  15:23  Baneling x4, Extractor, Zerg Flyer Armor Level 1  
  199  15:26  Queen  
  200  15:30  Unknown  
  199  15:37  Zergling x2  
  199  15:42  Overseer  
  199  15:48  Pathogen Glands  
  197  16:05  Zergling x10  
  197  16:09  Zergling x4  
  198  16:12  Zergling x4  
  198  16:15  Baneling x6  
  200  16:24  Zergling x6  
  198  16:28  Baneling x6  
  198  16:29  Zergling x2  
  198  16:30  Zergling x18  
  195  16:35  Zergling x12  
  195  16:36  Zergling x12  
  195  16:39  Zergling x2  
  190  16:50  Zergling x2  
  190  16:51  Zergling x10  
  193  16:59  Zergling x14  
  198  17:02  Ultralisk Cavern  
  198  17:04  Baneling x2  
  198  17:05  Baneling x6  
  197  17:10  Zergling x4  
  197  17:11  Baneling x4  
  199  17:30  Unknown  
  199  17:31  Zergling x6, Hatchery  
  184  17:45  Zergling x22  
  184  17:46  Zergling x8  
  191  17:53  Corruptor, Zerg Flyer Armor Level 2  
  192  18:00  Drone x3  
  192  18:01  Queen x2  
  199  18:07  Chitinous Plating  
  199  18:08  Overseer  
  199  18:12  Baneling x5  
  199  18:13  Baneling  
  190  18:35  Overseer  
  190  18:37  Zergling x6  
  192  18:44  Corruptor x3  
  198  19:02  Hatchery  
  192  19:12  Corruptor x2  
  192  19:14  Zergling x8  
  192  19:15  Baneling x2  
  197  19:26  Anabolic Synthesis  
  197  19:35  Spore Crawler  
  193  19:40  Spore Crawler  
  193  19:43  Infestor x3  
  196  19:53  Spore Crawler  
  196  19:54  Spore Crawler, Zergling x12  
  196  19:55  Zergling x6  
  196  19:56  Spore Crawler  
  197  20:02  Hatchery  
  197  20:03  Zergling x10  
  183  20:18  Infestor x2  
  183  20:20  Infestor x2  
  182  20:24  Ultralisk  
  182  20:25  Ultralisk x2  
  175  20:37  Corruptor x9  
  179  20:48  Corruptor x4  
  163  20:58  Corruptor  
  163  21:01  Corruptor  
  163  21:02  Corruptor x2  
Tags
 
Add a new tag
Caveats
  • Supply blocks, unpowered buildings, or Contaminate may cause inaccurate times.
  • Supply counts are checked every 10 seconds.